AoeStats
← Zxead

Arena

505706276Analyzed
2v2 RM · 20d ago on Sep 10, 2026· 65m 57s· 4 players
Game mode
Random Map
Map size
Medium (4 player)
Population
200
Speed
Normal
Resources
Standard
Victory
Conquest
Starting age
Dark Age
Ending age
Imperial Age
RankedLock teamsTeams togetherTeam positionsShared explorationLock speedFull tech treeHidden civsTurbo modeCheats
Victory
Defeat
🇹🇷 Vietnamese · Türkiye
697
+15
🇹🇷 Romans · Türkiye
695
+15
🇩🇪 Vikings · Germany
730
-18
🇬🇧 Turks · United Kingdom
609
-12
Madvlad
10:57 Feudal Age
11:27 Double-Bit Axe
11:24 Horse Collar
20:42 Castle Age
18:52 Gold Mining
20:35 Fletching
20:46 Padded Archer Armor
21:54 Bow Saw
22:10 Bodkin Arrow
23:23 Gold Shaft Mining
24:55 Wheelbarrow
25:54 Bloodlines
27:29 Leather Archer Armor
32:47 Imperial Age
39:16 Conscription
45:15 Elite Janissary
49:35 Husbandry
54:29 Heavy Plow
58:22 Stone Mining
PraY2519
10:27 Feudal Age
15:43 Castle Age
14:02 Horse Collar
14:31 Double-Bit Axe
17:23 Stone Mining
18:57 Loom
20:37 Gold Mining
26:57 Arson
27:13 Squires
26:58 Gambesons
27:13 Pikeman
30:44 Gold Shaft Mining
31:05 Chieftains
32:00 Scale Mail Armor
32:10 Forging
32:40 Masonry
33:05 Chain Mail Armor
34:34 Iron Casting
38:54 Imperial Age
37:34 Heavy Plow
40:16 Plate Mail Armor
40:46 Blast Furnace
39:19 Elite Berserk
44:04 Bow Saw
44:51 Arrowslits
48:45 Ballistics
63:07 Man-at-Arms
ashenone
10:52 Feudal Age
16:45 Castle Age
14:43 Double-Bit Axe
14:47 Horse Collar
15:34 Gold Mining
16:43 Loom
17:34 Wheelbarrow
18:12 Loom
19:29 Bloodlines
19:20 Husbandry
21:12 Forging
21:07 Scale Barding Armor
21:37 Scale Barding Armor
31:33 Imperial Age
31:58 Hand Cart
31:29 Town Watch
32:02 Heavy Plow
32:15 Bow Saw
33:24 Conscription
33:39 Conscription
34:35 Conscription
36:15 Conscription
36:30 Chain Barding Armor
37:23 Gold Shaft Mining
36:38 Stone Mining
37:49 Iron Casting
37:49 Plate Barding Armor
39:05 Crop Rotation
39:50 Scale Mail Armor
40:51 Blast Furnace
40:33 Ballistics
40:12 Murder Holes
40:22 Siege Engineers
41:38 Chain Mail Armor
40:47 Man-at-Arms
41:30 Squires
42:16 Long Swordsman
43:12 Fletching
43:22 Padded Archer Armor
43:27 Legionary
45:07 Conscription
45:17 Comitatenses
45:43 Bodkin Arrow
46:04 Leather Archer Armor
46:27 Elite Skirmisher
48:01 Ring Archer Armor
49:02 Ballistics
50:39 Chemistry
49:32 Imperial Skirmisher
50:37 Town Patrol
50:01 Elite Centurion
54:45 Masonry
58:08 Architecture
Zxead
11:03 Feudal Age
10:22 Loom
15:53 Horse Collar
18:58 Castle Age
18:23 Town Watch
21:08 Double-Bit Axe
25:14 Elite Skirmisher
26:16 Padded Archer Armor
26:07 Fletching
27:45 Thumb Ring
33:09 Imperial Age
31:17 Bodkin Arrow
33:09 Bow Saw
32:57 Gold Mining
32:58 Stone Mining
34:10 Paper Money
35:03 Ballistics
35:54 Town Patrol
39:39 Bracer
39:55 Leather Archer Armor
48:18 Elite Battle Elephant
50:19 Bloodlines
50:09 Husbandry
50:19 Husbandry
50:30 Bloodlines
50:44 Heavy Plow
51:23 Stone Shaft Mining
54:04 Chemistry
54:17 Chatras
54:53 Ring Archer Armor
54:29 Scale Barding Armor
54:35 Forging
56:25 Light Cavalry
57:24 Scale Barding Armor
57:29 Forging
57:42 Treadmill Crane
62:15 Elite Rattan Archer
64:38 Imperial Skirmisher
Connection lost

Rejoining the realm…

Still unreachable

The connection could not be restored.

Session expired

The server has moved on; the page needs a fresh start.